Unix NetHack Version 5.0.0-0 post-release - last build May 31 2026 23:59:36 (970b52f25bf058293b47ddfd14a1e40e571c508c,branch:main).

Game began 2026-06-09 14:46:02, ended 2026-06-09 15:00:34.

GdeVolpiano, neutral female human Tourist

                                                            -------
                                                            |..|@f|
                                                           --..hs.|
                                                           |..0.---
                                                         ---..".|
                                                         -)...
                                                         ....
                                                         ......
                                                          ..%...
                                                           ...<.
                                                             ...

GdeVolpiano the Sightseer   St:12 Dx:9 Co:15 In:15 Wi:9 Ch:15  Neutral
Dlvl:5  $:521 HP:0(42) Pw:20(20) AC:9  Xp:5 T:1841 

Latest messages:
 Heliodore eats a goblin corpse.
 There is a branch staircase down to the Gnomish Mines here.
 You see here a crude dagger.
 H - a crude dagger.
 What do you want to drop? [$acdfgi-ln-qt-zC-EGH or ?*]
 You drop a crude dagger.
 You descend the stairs.
 You are almost hit by a thonged club.
 The thonged club returns to its hand!
 In what direction?
 The dart hits the gnome!
 The gnome hits!
 In what direction?
 You kill the gnome!
 a - a blessed +5 dart (at the ready) (23 in total).
 You see here a gnome corpse.
 In what direction?
 You kill the gnome!
 a - a blessed +5 dart (at the ready) (23 in total).
 You see here a thonged club.
 With great effort you move the boulder.
 You swap places with Heliodore.
 The cave spider spins a web.
 Heliodore drops a long sword named Fire Brand.
 You see here a long sword named Fire Brand.
 I - a long sword named Fire Brand.
 The cave spider bites!
 What do you want to wield? [- aI or ?*]
 I - a long sword named Fire Brand (weapon in right hand).
 The cave spider bites!
 You miss the cave spider.
 The cave spider bites!
 You miss the cave spider.
 The cave spider bites!
 You miss the cave spider.
 The cave spider just misses!
 The dwarf swings her broad pick.
 The dwarf hits!
 Heliodore misses the cave spider.
 The dwarf swings her broad pick.
 The dwarf hits!
 In what direction?
 The dart hits the dwarf!
 The cave spider bites!
 Heliodore misses the cave spider.
 The dwarf swings her broad pick.
 The dwarf hits!
 You die...
 Do you want your possessions identified? [ynq] (y)
 Do you want to see your attributes? [ynq] (y)

Inventory:
 Coins    ('$')
  $ - 521 gold pieces
 Weapons  (')')
  a - 22 blessed +5 darts (at the ready)
  I - the +0 Fire Brand (weapon in right hand)
 Armor    ('[')
  G - an uncursed +0 orcish helm (being worn)
  j - a blessed +0 Hawaiian shirt with a flamingo motif
 Comestibles  ('%')
  g - an uncursed cream pie
  d - 5 uncursed food rations
  c - an uncursed pancake
  f - 3 uncursed eggs
 Scrolls  ('?')
  t - an uncursed scroll of charging
  n - an uncursed scroll of confuse monster
  y - an uncursed scroll of destroy armor
  u - 2 uncursed scrolls of identify
  x - an uncursed scroll of light
  i - 4 uncursed scrolls of magic mapping
  w - an uncursed scroll of remove curse
 Spellbooks  ('+')
  z - an uncursed novel named The Last Continent
  v - an uncursed spellbook of cure sickness
 Potions  ('!')
  p - a cursed potion of blindness
  E - an uncursed potion of gain ability
  C - an uncursed potion of healing
  q - a cursed potion of object detection
 Tools    ('(')
  l - an uncursed credit card
  k - an expensive camera (0:46)
 Gems/Stones  ('*')
  D - an uncursed amber stone
  o - an uncursed worthless piece of orange glass

GdeVolpiano the Tourist's attributes:

Background:
 You were a Sightseer, a level 5 female human Tourist.
 You were neutral, nominally on a mission for The Lady
 who was opposed by Blind Io (lawful) and Offler (chaotic).
 You were right-handed.
 You were in the Gnomish Mines, on level 5.
 You entered the dungeon 1841 turns ago.
 You had 181 experience points, 139 more were needed to attain level 6.

Basics:
 You had 0 out of 42 hit points.
 You had all 20 energy points (spell power).
 Your armor class was 9.
 Your wallet contained 521 zorkmids.
 Autopickup was on for '$?!/="+' plus thrown, with exceptions.

Final Characteristics:
 Your strength was 12 (limit:18/100).
 Your dexterity was 9 (limit:18).
 Your constitution was 15 (limit:18).
 Your intelligence was 15 (limit:18).
 Your wisdom was 9 (limit:18).
 Your charisma was 15 (limit:18).

Final Status:
 You weren't hungry.
 You were unencumbered.
 You were wielding a long sword.
 You were unskilled in long sword.

Final Attributes:
 You were devoutly aligned.
 You were fire resistant.
 Your items were protected from fire.
 You are dead.

Miscellaneous:
 You encountered 1 bones level.
 Total elapsed playing time was 14 minutes and 30 seconds.

Major events:
 Turn
    1: GdeVolpiano the neutral female human Tourist entered the dungeon
  879: read a Discworld novel
  879: attained the rank of Sightseer (level 3)
 1594: entered the Gnomish Mines
 1833: found Fire Brand carried by a monster
 1841: killed by a dwarf

You didn't know any spells.

Skills:
 Fighting Skills
   bare handed combat [Unskilled]
   two weapon combat  [Unskilled]
   riding             [Unskilled]
 Weapon Skills
   dagger             [Unskilled]
   knife              [Unskilled]
   axe                [Unskilled]
   pick-axe           [Unskilled]
   short sword        [Unskilled]
   broadsword         [Unskilled]
   long sword         [Unskilled]
   two-handed sword   [Unskilled]
   saber              [Unskilled]
   mace               [Unskilled]
   morning star       [Unskilled]
   flail              [Unskilled]
   hammer             [Unskilled]
   quarterstaff       [Unskilled]
   polearms           [Unskilled]
   spear              [Unskilled]
   trident            [Unskilled]
   lance              [Unskilled]
   bow                [Unskilled]
   sling              [Unskilled]
   crossbow           [Unskilled]
   dart               [Basic]
   shuriken           [Unskilled]
   boomerang          [Unskilled]
   whip               [Unskilled]
   unicorn horn       [Unskilled]
 Spellcasting Skills
   divination spells  [Unskilled]
   enchantment spells [Unskilled]
   escape spells      [Unskilled]

Voluntary challenges:
 Character rerolling was not enabled.
 You were an atheist.
 You never hit with a wielded weapon.
 You never genocided any monsters.
 You never polymorphed an object.
 You never changed form.
 You used no wishes.
Achievements:
 You entered a shop.
 You read from a Discworld novel.
 You attained the rank of Sightseer.
 You entered the Gnomish Mines.

 The Dungeons of Doom: levels 1 to 5
    Level 1:
       A fountain.
    Level 2:
       A scroll shop.
    Level 3:
       Some fountains.
    Level 4:
       Stairs down to The Gnomish Mines.
    Level 5:
       Final resting place for
          statico-Val-Dwa-Fem-Law, killed by a rothe.
 The Gnomish Mines:
    Level 5: <- You were here.
       Final resting place for
          you, killed by a dwarf.


Vanquished creatures:
  2 small mimics
 an iguana
  a large kobold
  a hobgoblin
  2 giant rats
  a yellow mold
  2 gnomes
  3 geckos
  2 foxes
  4 goblins
  2 sewer rats
  2 grid bugs
  a lichen
  3 kobold zombies
  2 newts
29 creatures vanquished.

No species were genocided or became extinct.

Game over:
                       ----------
                      /          \
                     /    REST    \
                    /      IN      \
                   /     PEACE      \
                  /                  \
                  |   GdeVolpiano    |
                  |      521 Au      |
                  |   killed by a    |
                  |      dwarf       |
                  |                  |
                  |                  |
                  |       2026       |
                 *|     *  *  *      | *
        _________)/\\_//(\/(/\)/\//\/|_)_______

Aloha GdeVolpiano the Tourist...

You died in The Gnomish Mines on dungeon level 5 with 985 points,
and 521 pieces of gold, after 1841 moves.
You were level 5 with a maximum of 42 hit points when you died.

